 Dungeon Crawl Stone Soup version 0.16-a0-2098-gf8c960b (webtiles) character file.

5083 Psiweapon the Cleaver (level 10, -1/63 HPs)
             Began as a Gargoyle Gladiator on Nov 12, 2014.
             Was a Plaything of Xom.
             Slain by a komodo dragon (28 damage)
             ... on level 2 of the Lair of Beasts on Nov 13, 2014.
             The game lasted 00:50:11 (10559 turns).

Psiweapon the Cleaver (Gargoyle Gladiator)         Turns: 10559, Time: 00:50:11

Health: -1/63      AC: 12    Str: 18    XL:     10   Next: 57%
Magic:  10/10      EV: 14    Int: 12    God:    Xom - getting BORED
Gold:   646        SH:  0    Dex: 10    Spells: 2 memorised, 3 levels left

rFire  + + .     SeeInvis .     J - +8 war axe of False Accusations {speed, rElec rPois Str-1}
rCold  + . .     Clarity  .     q - +2 robe {rC+ rF+}
rNeg   + . .     SustAb   .     (no shield)
rPois  +         Gourm    .     S - +0 helmet (curse)
rElec  +         Spirit   .     (no cloak)
rCorr  +         Warding  .     (no gloves)
rMut   .         Stasis   .     (no boots)
MR     .....                    F - amulet of resist corrosion
Stlth  +++.......               (no ring)
                                t - ring of protection from fire

@: not resistant to hostile enchantments, fairly stealthy
A: claws 1, deterioration 1, negative energy resistance 1, regeneration 1,
electricity resistance, unbreathing, petrification resistance, rot immunity, AC
+7
a: Renounce Religion


You were on level 2 of the Lair of Beasts.
You worshipped Xom.
You were a special plaything of Xom.
You were not hungry.

You visited 3 branches of the dungeon, and saw 11 of its levels.

You collected 646 gold pieces.

Inventory:

Hand weapons
 a - a +1 quarterstaff
 E - a +1 trident of venom
 J - the +8 war axe of False Accusations (weapon) {speed, rElec rPois Str-1}
   (You found it on level 5 of the Dungeon)

   Attacks with this weapon are significantly faster.
   It affects your strength (-1).
   It insulates you from electricity.
   It protects you from poison.
 K - a +0 blowgun
Missiles
 d - 5 throwing nets (quivered)
 u - 11 poisoned needles
 B - 32 bolts
 P - 19 sling bullets
Armour
 q - a +2 robe of resistance (worn)
 S - a cursed +0 helmet (worn)
Magical staves
 M - an uncursed staff of wizardry
Jewellery
 t - a ring of protection from fire (left claw)
 F - an amulet of resist corrosion (around neck)
Magical devices
 G - a wand of digging (11)
 L - a wand of polymorph (11)
 X - a wand of random effects (23)
Scrolls
 b - a scroll of random uselessness {unknown}
 g - 8 scrolls of remove curse
 k - 4 scrolls of magic mapping
 p - 3 scrolls of fear {unknown}
 v - 2 scrolls of teleportation {unknown}
 x - 2 scrolls of immolation
 y - 2 scrolls of fog {unknown}
 C - 3 scrolls of recharging
 N - a scroll of acquirement {unknown}
 U - a scroll of identify
 Y - a scroll of amnesia {unknown}
Potions
 e - 7 potions of curing
 i - a potion of brilliance {unknown}
 j - 2 potions of might
 l - 2 potions of haste {unknown}
 m - 2 potions of lignification
 n - 4 potions of flight
 r - 3 potions of restore abilities
 s - a potion of invisibility
 A - a potion of degeneration {unknown}
 D - a potion of agility
 Q - a potion of cancellation {unknown}
 T - a potion of heal wounds
Comestibles
 c - a chunk of flesh
 f - 6 bread rations
 w - a slice of pizza
 z - 3 meat rations
 O - 9 beef jerkies


   Skills:
 + Level 7.4 Fighting
 + Level 8.1 Axes
 - Level 5.4 Staves
 - Level 5.3 Throwing
 - Level 5.5 Dodging
 - Level 6.6 Stealth


You had 3 spell levels left.
You knew the following spells:

 Your Spells              Type           Power        Failure   Level  Hunger
a - Agony                 Necr           #.......     100%        5    ######.
b - Beastly Appendage     Trmt           #.....       34%         1    ##.....


Dungeon Overview and Level Annotations

Branches:
Dungeon (8/15)             Temple (1/1) D:6            Lair (2/8) D:8

Altars:
Ashenzari
Dithmenos
Elyvilon
Fedhas
Gozag
Kikubaaqudgha
Makhleb
Nemelex Xobeh
Okawaru
Qazlal
Ru
Sif Muna
Trog
Vehumet
Xom
Yredelemnul
Zin
The Shining One

Shops:
D:5 :


Innate Abilities, Weirdness & Mutations

You are resistant to torment.
You are immune to poison.
Your stone body is very resilient (AC +7).
You resist negative energy.
You are resistant to electric shocks.
You can survive without breathing.
You are immune to petrification.
You are immune to rotting.
You have sharp fingernails.
Your body is slowly deteriorating.
Your natural rate of healing is unusually fast.


Message History

The fungus is almost destroyed.
You barely miss the komodo dragon.
The komodo dragon is heavily wounded.
You hit the fungus.
The fungus is almost destroyed.
The komodo dragon completely misses you.
You hit the komodo dragon.
The komodo dragon is severely wounded.
You hit the fungus.
You destroy the fungus!
The komodo dragon bites you!
You barely miss the komodo dragon.
The komodo dragon is severely wounded.
The komodo dragon bites you!
You hit the komodo dragon.
The komodo dragon is severely wounded.
You barely miss the komodo dragon.
The komodo dragon is severely wounded.
The komodo dragon bites you!!
You die...

#............P# #....
...##PP.....## ##...
............# #....
...P....#...# ##...
...P........## #....
..P........P#### ##..# #
..+.>..#...###.## #...
#...##...#....###.###...
#.....l@................
#...>...................
###.#.#..#.#####.#.#####
# ##.#P### ##### #####


You could see a komodo dragon.

Vanquished Creatures
  A hydra (Lair:2)
  A spiny frog (Lair:1)
  A komodo dragon (Lair:1)
  3 yaks (Lair:1)
  Eustachio (D:5)
  2 hippogriffs
  Edmund (D:5)
  2 porcupines
  2 orc warriors (D:7)
  A sky beast (D:5)
  An ice beast (D:5)
  A phantom (D:4)
  2 ogres
  Duvessa (D:5)
  A crocodile (Lair:1)
  Blork the orc (D:4)
  7 giant frogs
  2 scorpions
  3 crimson imps
  A goliath beetle (D:7)
  A black bear zombie (D:8)
  Dowan (D:5)
  6 hounds
  3 orc priests
  4 iguanas
  A soldier ant zombie (D:8)
  6 orc wizards
  3 worker ants
  A black bear skeleton (D:7)
  8 sheep (Lair:1)
  19 adders
  3 gnolls
  10 green rats
  4 giant mites
  A shadow imp (D:5)
  2 worms
  An adder zombie (D:8)
  An iguana zombie (D:7)
  An adder skeleton (D:7)
  An orc zombie (D:8)
  8 giant geckos
  32 orcs
  A ball python (D:7)
  A bat skeleton (D:5)
  A bat zombie (D:6)
  8 giant cockroaches
  8 goblins
  8 hobgoblins
  16 jackals
  6 quokkas
  14 bats
  A giant gecko skeleton (D:4)
  5 giant newts
  2 hobgoblin skeletons
  11 kobolds
  A kobold skeleton (D:4)
  An orc skeleton (D:4)
  12 rats
  2 ballistomycetes (D:8)
  2 fungi (Lair:2)
252 creatures vanquished.

Vanquished Creatures (collateral kills)
  A porcupine (Lair:2)
1 creature vanquished.

Vanquished Creatures (others)
  A hydra (Lair:2)
  A giant spore (D:8)
  3 fungi (Lair:1)
5 creatures vanquished.

Grand Total: 258 creatures vanquished

Notes
Turn   | Place    | Note
--------------------------------------------------------------
     0 | D:1      | Psiweapon, the Gargoyle Gladiator, began the quest for the Orb.
     0 | D:1      | Reached XP level 1. HP: 12/12 MP: 1/1
   294 | D:1      | Reached XP level 2. HP: 17/17 MP: 2/2
   385 | D:1      | Reached skill level 4 in Staves
   625 | D:1      | Reached XP level 3. HP: 21/21 MP: 3/3
   894 | D:2      | Found a shadowy altar of Dithmenos.
  1378 | D:2      | Found an opulent altar of Gozag.
  1636 | D:2      | Reached XP level 4. HP: 18/26 MP: 4/4
  1835 | D:3      | Reached skill level 5 in Staves
  1980 | D:4      | HP: 1/26 [giant mite (2)]
  1990 | D:4      | HP: 1/26 [giant mite (2)]
  2312 | D:4      | Reached XP level 5. HP: 26/31 MP: 5/5
  2415 | D:3      | Found a burning altar of Makhleb.
  3136 | D:4      | Noticed a phantom
  3154 | D:4      | Reached XP level 6. HP: 18/39 MP: 6/6
  3212 | D:4      | Killed a phantom
  3212 | D:4      | Reached skill level 5 in Fighting
  3487 | D:4      | Noticed Blork the orc
  3509 | D:4      | Killed Blork the orc
  4075 | D:4      | Found a sacrificial altar of Ru.
  4170 | D:5      | Entered Level 5 of the Dungeon
  4233 | D:5      | Noticed Edmund
  4254 | D:5      | Killed Edmund
  4254 | D:5      | Reached XP level 7. HP: 23/44 MP: 7/7
  4367 | D:5      | Found Treutugi's Book Boutique.
  4427 | D:5      | Noticed Duvessa
  4428 | D:5      | Noticed Dowan
  4442 | D:5      | Killed Dowan
  4442 | D:5      | Killed Duvessa
  4445 | D:5      | Noticed Eustachio
  4480 | D:5      | Killed Eustachio
  4480 | D:5      | Reached skill level 5 in Dodging
  4729 | D:5      | Reached XP level 8. HP: 49/49 MP: 8/8
  4798 | D:5      | Reached skill level 1 in Stealth
  4827 | D:5      | Got a pitted war axe
  4829 | D:5      | Identified the +8 war axe of False Accusations {speed, rElec rPois Str-1} (You found it on level 5 of the Dungeon)
  5076 | D:5      | Reached skill level 1 in Axes
  5224 | D:5      | Got a smoking short sword
  5810 | D:6      | Found a shattered altar of Ashenzari.
  6097 | D:6      | Found a stormy altar of Qazlal.
  6458 | D:6      | Found a staircase to the Ecumenical Temple.
  6464 | Temple   | Entered the Ecumenical Temple
  6664 | Temple   | Became a worshipper of Xom of Chaos
  6899 | D:6      | XOM: silly message
  7113 | D:7      | XOM: potion effect (might)
  7115 | D:7      | XOM: silly message
  7117 | D:7      | XOM: polymorph orc -> ball python
  7123 | D:7      | Reached skill level 5 in Stealth
  7210 | D:7      | Reached XP level 9. HP: 17/54 MP: 9/9
  7363 | D:7      | XOM: potion effect (heal wounds)
  7375 | D:7      | Reached skill level 6 in Stealth
  7943 | D:7      | Found a radiant altar of Vehumet.
  7943 | D:7      | Found a sparkling altar of Nemelex Xobeh.
  8020 | D:7      | Found a deep blue altar of Sif Muna.
  8062 | D:7      | Identified the +0 short sword of the Songs {pierce, *Tele MR+} (You found it on level 5 of the Dungeon)
  8154 | D:7      | Reached skill level 5 in Axes
  8195 | D:7      | XOM: god gift: emerald potion
  8276 | D:8      | Found a staircase to the Lair.
  8288 | D:8      | Gained mutation: Your body is slowly deteriorating. [potion of mutation]
  8288 | D:8      | Gained mutation: Your natural rate of healing is unusually fast. [potion of mutation]
  8288 | D:8      | Gained mutation: You have sharp fingernails. [potion of mutation]
  8519 | D:8      | XOM: confuse monster(s)
  8543 | D:8      | Found a glowing silver altar of Zin.
  8726 | Lair:1   | Entered Level 1 of the Lair of Beasts
  8806 | Lair:1   | XOM: blink monster(s)
  8809 | Lair:1   | XOM: swap monsters
  8812 | Lair:1   | XOM: cast spell 'Necromutation'
  8871 | Lair:1   | XOM: god gift: dog-eared paperback book {god gift}
  8886 | Lair:1   | Learned a level 5 spell: Agony
  9195 | Lair:1   | XOM: harmless Necr miscast
  9315 | Lair:1   | Paralysed by you for 5 turns
  9343 | Lair:1   | Noticed a spiny frog
  9360 | Lair:1   | Killed a spiny frog
  9360 | Lair:1   | Reached skill level 5 in Throwing
  9360 | Lair:1   | Reached XP level 10. HP: 25/59 MP: 10/10
  9405 | Lair:1   | XOM: polymorph iguana -> adder
  9410 | Lair:1   | XOM: god gift: ring mail {god gift}
  9478 | Lair:1   | XOM: mild Erth miscast
  9481 | Lair:1   | Reached skill level 7 in Axes
  9484 | Lair:1   | XOM: noise
  9706 | Lair:1   | Noticed a komodo dragon
  9726 | Lair:1   | Killed a komodo dragon
  9832 | Lair:1   | XOM: god gift: phantom mirror
  9846 | Lair:1   | You fall through a shaft!
  9976 | Lair:2   | XOM: mild Conj miscast
 10055 | Lair:2   | Noticed an eight-headed hydra
 10059 | Lair:2   | an eight-headed hydra (ally) was killed
 10062 | Lair:2   | Killed an eight-headed hydra
 10156 | Lair:2   | Learned a level 1 spell: Beastly Appendage
 10249 | Lair:2   | Reached skill level 8 in Axes
 10346 | Lair:2   | XOM: harmless Fire miscast
 10378 | Lair:2   | XOM: smoke on damage
 10449 | Lair:2   | XOM: silly message
 10559 | Lair:2   | Slain by a komodo dragon

Action                   |  1- 3 |  4- 6 |  7- 9 | 10-12 || total
-------------------------+-------+-------+-------+-------++-------
Melee: Quarterstaff      |   103 |   262 |    58 |     2 ||   425
       War axe           |       |       |   281 |    91 ||   372
Throw: Throwing net      |     3 |     7 |     4 |     1 ||    15
       Tomahawk          |       |       |       |     1 ||     1
Evoke: Wand              |       |       |     1 |       ||     1
       Phantom mirror    |       |       |       |     1 ||     1
  Use: Scroll            |     9 |       |     8 |       ||    17
       Potion            |       |     1 |     2 |       ||     3
 Stab: Held in net/web   |       |     6 |       |       ||     6
       Sleeping          |       |       |    10 |     1 ||    11
  Eat: Chunk             |     2 |     9 |    12 |     5 ||    28
       Beef jerky        |       |       |     2 |       ||     2
